 Dungeon Crawl Stone Soup version 0.18.1-50-g88ac8fd (console) character file.

4095 ChaseSP the Basher (level 10, -2/53 HPs)
             Began as a Gargoyle Gladiator on Oct 22, 2016.
             Was a Priest of Okawaru.
             Slain by a killer bee (5 damage)
             ... on level 8 of the Dungeon.
             The game lasted 00:21:20 (9445 turns).

ChaseSP the Basher (Gargoyle Gladiator)             Turns: 9445, Time: 00:21:21

Health: -2/53      AC: 20    Str: 18    XL:     10   Next: 26%
Magic:  19/19      EV:  9    Int: 10    God:    Okawaru [***...]
Gold:   405        SH:  0    Dex: 13    Spells: 0 memorised, 9 levels left

rFire  . . .     SeeInvis .     q - +1 dire flail
rCold  . . .     Gourm    .     i - +0 chain mail
rNeg   + . .     Faith    .     (shield currently unavailable)
rPois  ∞         Spirit   .     c - +0 helmet
rElec  +         Dismiss  .     t - +0 cloak
rCorr  .         Reflect  .     (no gloves)
SustAt .         Harm     .     s - +1 pair of boots
MR     +....                    (no amulet)
Stlth  ..........               y - ring of protection from magic
                                p - ring of magical power

@: somewhat resistant to hostile enchantments, extremely unstealthy
A: negative energy resistance 1, electricity resistance, unbreathing,
petrification resistance, rot immunity, AC +7
a: Heroism, Renounce Religion


You were on level 8 of the Dungeon.
You worshipped Okawaru.
Okawaru was most pleased with you.
You were not hungry.

You visited 2 branches of the dungeon, and saw 9 of its levels.
You also visited: Ossuary.

You collected 405 gold pieces.

Inventory:

Hand Weapons
 q - a +1 dire flail (weapon)
Missiles
 d - 3 throwing nets (quivered)
Armour
 c - a +0 helmet (worn)
 i - a +0 chain mail (worn)
 s - a +1 pair of boots (worn)
 t - a +0 cloak (worn)
Jewellery
 j - an uncursed ring of magical power
 p - a ring of magical power (left hand)
 y - a ring of protection from magic (right hand)
Scrolls
 a - 3 scrolls of enchant weapon
 g - 5 scrolls of immolation
 k - 2 scrolls of fog
 n - 2 scrolls of recharging
 u - 5 scrolls of identify
 x - 2 scrolls of remove curse
 G - 4 scrolls of teleportation
 H - 3 scrolls of amnesia
Potions
 e - a potion of resistance {unknown}
 m - a potion of flight
 o - 3 potions of lignification
 v - 2 potions of degeneration {unknown}
 w - 2 potions of mutation {unknown}
 z - 2 potions of haste {unknown}
 A - 2 potions of curing {unknown}
 B - a potion of berserk rage {unknown}
 C - 2 potions of might {unknown}
 D - 2 potions of invisibility
 F - a potion of magic {unknown}
Comestibles
 b - 3 meat rations
 f - 8 bread rations
 l - 5 beef jerkies
 r - 3 fruits
 E - 7 slices of pizza


   Skills:
 - Level 2.1 Fighting
 * Level 12.6 Maces & Flails
 - Level 1.7 Throwing
 + Level 3.4 Armour
 - Level 5.8 Dodging


You had 9 spell levels left.
You didn't know any spells.

Dungeon Overview and Level Annotations

Branches:
Dungeon (8/15)             Temple (1/1) D:6
   Lair: D:8-11

Altars:
Ashenzari
Cheibriados
Dithmenos
Elyvilon
Fedhas
Gozag
Kikubaaqudgha
Makhleb
Nemelex Xobeh
Okawaru
Pakellas
Qazlal
Ru
Sif Muna
Trog
Vehumet
Xom
Yredelemnul
Zin
The Shining One


Innate Abilities, Weirdness & Mutations

You are resistant to torment.
Your stone body is resilient (AC +7).
You are immune to poison.
You resist negative energy.
You are resistant to electric shocks.
You can survive without breathing.
You are immune to petrification.
You are immune to rotting.


Message History

The killer bee stings you.
* * * LOW HITPOINT WARNING * * *
You closely miss the killer bee.
The killer bee is lightly wounded.
The killer bee stings you.
* * * LOW HITPOINT WARNING * * *
You closely miss the killer bee.
The killer bee is lightly wounded.
The killer bee stings you but does no damage.
You puncture the killer bee!
The killer bee is almost dead.
The killer bee stings you but does no damage. x2
You miss the killer bee.
The killer bee is almost dead.
The killer bee stings you.
* * * LOW HITPOINT WARNING * * *
You miss the killer bee.
The killer bee is almost dead.
The killer bee stings you.
You die...

... #...$# #.......#
....#....# #.......#
....#....###..?....#
..........##.......#
........[...........
....#....##.........
..#...)[##..............#
......#...##.............#
#
....#[....##@#..###....!..
. ..#
#.##..##.y#..........# #.
....#..#..###.##.....?..
.. #........[..##...... ..
####.....#..##..#.# ..
##....##>......## ##Y#
.....#...#(#(..#..# ##..#
...........<.#..##.# #..##
....................##
#..#


You could see a killer bee.

Vanquished Creatures
  Prince Ribbit (D:6)
  2 yaks (D:7)
  A human (D:7)
  A hog (D:7)
  A hungry ghost (D:7)
  2 orc warriors
  2 ice beasts
  A phantom (D:8)
  2 centaurs
  7 ogres
  The ghost of ENesbit the Merchant of Misery, an amateur DsNe of Kikubaaqudgha (D:4)
  Blork the orc (D:4)
  5 giant frogs
  4 scorpions
  4 killer bees
  A crimson imp (D:6)
  A giant frog zombie (D:7)
  A quasit (D:6)
  3 hounds
  2 jellies (D:5)
  4 orc priests
  6 orc wizards
  2 centaur skeletons
  A giant frog skeleton (D:5)
  An iguana (D:8)
  3 worker ants
  A sheep (D:7)
  11 mummies (Ossuary)
  11 adders
  3 gnolls (D:2)
  A shadow imp (D:5)
  3 adder zombies
  2 adder skeletons (D:5)
  2 worms (D:2)
  7 dart slugs
  5 giant geckos
  30 orcs
  2 ball pythons
  13 bats
  5 giant cockroaches
  10 goblins
  4 hobgoblins
  10 jackals
  6 quokkas
  A ball python skeleton (D:4)
  A giant cockroach zombie (D:6)
  7 giant newts
  2 gnoll skeletons (Ossuary)
  2 goblin skeletons (Ossuary)
  8 kobolds
  2 kobold skeletons (Ossuary)
  2 orc skeletons (Ossuary)
  12 rats
  11 rat skeletons (Ossuary)
234 creatures vanquished.

Vanquished Creatures (others)
  An orc (D:5)
  A giant cockroach (D:5)
2 creatures vanquished.

Grand Total: 236 creatures vanquished

Notes
Turn   | Place    | Note
--------------------------------------------------------------
     0 | D:1      | ChaseSP the Gargoyle Gladiator began the quest for the Orb.
     0 | D:1      | Reached XP level 1. HP: 12/12 MP: 1/1
     0 | D:1      | Noticed a white draconian
     0 | D:1      | Noticed a large abomination
     3 | D:1      | Noticed a red draconian
     3 | D:1      | Noticed a large abomination
     5 | D:1      | Noticed an iron dragon
     6 | D:1      | Noticed an ice dragon
     7 | D:1      | Noticed an ice dragon
     8 | D:1      | Noticed an orb of fire
    10 | D:1      | Noticed a shadow dragon
    12 | D:1      | Noticed a shadow dragon
    14 | D:1      | Noticed an iron dragon
    14 | D:1      | Noticed a shadow dragon
    16 | D:1      | Noticed a large abomination
    16 | D:1      | Noticed an iron dragon
    16 | D:1      | Noticed a black draconian
    18 | D:1      | Noticed a tentacled monstrosity
   252 | D:1      | Reached XP level 2. HP: 16/17 MP: 2/2
   658 | D:1      | Reached skill level 4 in Maces & Flails
   835 | D:2      | Reached XP level 3. HP: 20/21 MP: 3/3
  1107 | D:2      | Reached XP level 4. HP: 3/26 MP: 4/4
  1344 | D:2      | Reached skill level 5 in Maces & Flails
  1987 | D:2      | Reached XP level 5. HP: 23/30 MP: 5/5
  2069 | D:2      | Reached skill level 6 in Maces & Flails
  2389 | D:3      | Reached XP level 6. HP: 29/35 MP: 6/6
  2451 | D:3      | Found a shadowy altar of Dithmenos.
  2746 | D:3      | Reached skill level 7 in Maces & Flails
  3138 | D:4      | Reached XP level 7. HP: 36/40 MP: 7/7
  3173 | D:4      | Noticed Blork the orc
  3195 | D:4      | Killed Blork the orc
  3195 | D:4      | Reached skill level 8 in Maces & Flails
  3892 | D:4      | Noticed a water elemental
  3894 | D:4      | Found a stormy altar of Qazlal.
  3897 | D:4      | Noticed a fire elemental
  3897 | D:4      | Noticed an air elemental
  3930 | D:4      | Noticed ENesbit's ghost (amateur DsNe)
  3991 | D:5      | Entered Level 5 of the Dungeon
  4159 | D:5      | Found a shattered altar of Ashenzari.
  4161 | D:5      | Found a shimmering altar of Xom.
  4190 | D:5      | Reached skill level 9 in Maces & Flails
  4414 | D:5      | Reached XP level 8. HP: 12/44 MP: 8/8
  4991 | D:6      | Found a staircase to the Ecumenical Temple.
  5002 | Temple   | Entered the Ecumenical Temple
  5261 | Temple   | Became a worshipper of Warmaster Okawaru
  5292 | D:6      | Noticed Prince Ribbit
  5334 | D:6      | Killed Prince Ribbit
  5334 | D:6      | Reached skill level 10 in Maces & Flails
  5532 | D:6      | Reached * piety under Okawaru
  5837 | D:6      | Reached XP level 9. HP: 39/48 MP: 9/9
  5941 | D:6      | Found a burning altar of Makhleb.
  5943 | D:6      | Found a basalt altar of Yredelemnul.
  6122 | D:6      | Found a bloodstained altar of Trog.
  6125 | D:6      | Found an oddly glowing altar of Pakellas.
  6142 | D:6      | Reached skill level 11 in Maces & Flails
  6633 | D:7      | Found a sand-covered staircase.
  6659 | Ossuary  | Entered an ossuary
  7166 | D:7      | Reached ** piety under Okawaru
  7223 | D:7      | Reached skill level 5 in Dodging
  7540 | D:7      | Found an opulent altar of Gozag.
  8050 | D:7      | Found a glowing silver altar of Zin.
  8050 | D:7      | Found a deep blue altar of Sif Muna.
  8051 | D:7      | Found a snail-covered altar of Cheibriados.
  8145 | D:5      | Reached skill level 1 in Armour
  8330 | D:4      | Killed ENesbit's ghost
  8397 | D:7      | Reached skill level 12 in Maces & Flails
  8548 | D:7      | Reached *** piety under Okawaru
  8548 | D:7      | Reached XP level 10. HP: 41/53 MP: 10/10
  9445 | D:8      | Slain by a killer bee

Skill      XL: |  1  2  3  4  5  6  7  8  9 10 |
---------------+-------------------------------+-----
Maces & Flails | 4 5 6 7 9 10 12 | 12.6
Dodging        | 3 5 |  5.8
Armour         | 2 3 |  3.4
Fighting       | |  2.1
Throwing       | |  1.7

Action                   |  1- 3 |  4- 6 |  7- 9 | 10-12 || total
-------------------------+-------+-------+-------+-------++-------
Melee: Flail             |   115 |   122 |       |       ||   237
       Morningstar       |       |   139 |   211 |       ||   350
       Dire flail        |       |       |   300 |   170 ||   470
  Use: Scroll            |       |     2 |    11 |       ||    13
       Potion            |       |       |     4 |     3 ||     7
 Stab: Distracted        |     1 |       |       |       ||     1
       Sleeping          |     1 |       |       |       ||     1
       Invisible         |       |       |       |     1 ||     1
  Eat: Chunk             |     1 |     7 |    18 |     5 ||    31
       Pizza             |       |       |     1 |       ||     1
Armor: Leather armour    |    63 |    63 |       |       ||   126
       Ring mail         |       |    66 |       |       ||    66
       Chain mail        |       |    50 |   330 |   203 ||   583
Dodge: Dodged            |   109 |   189 |   198 |   156 ||   652
